AoeStats
← DHoneyBadger

Arena

510470769Analyzed
4v4 RM · 2d ago on Oct 1, 2026· 61m 21s· 8 players
Game mode
Random Map
Map size
Large (8 player)
Population
200
Speed
Normal
Resources
Standard
Victory
Conquest
Starting age
Dark Age
Ending age
Imperial Age
RankedLock teamsTeams togetherTeam positionsShared explorationLock speedFull tech treeHidden civsTurbo modeCheats
Victory
Defeat
🇲🇽 Varangians · Mexico
1120
+15
🇺🇸 Franks · United States
1088
+17
🇩🇪 Shu · Germany
1087
+17
🇲🇽 Aztecs · Mexico
1074
+17
🇲🇽 Malians · Mexico
1184
-20
🇦🇷 Lithuanians · Argentina
1112
-17
🇦🇺 Japanese · Australia
1092
-16
🇲🇽 Spanish · Mexico
1016
-13
ebag876
12:02 Feudal Age
11:40 Loom
16:09 Castle Age
14:29 Double-Bit Axe
16:08 Wheelbarrow
23:31 Forging
24:36 Scale Barding Armor
26:00 Bow Saw
27:25 Hand Cart
28:05 Ordonnance Companies
28:54 Scale Mail Armor
32:58 Imperial Age
30:14 Town Watch
33:11 Iron Casting
32:52 Chain Mail Armor
33:10 Cavalier
34:50 Paladin
35:49 Man-at-Arms
36:14 Gambesons
38:24 Blast Furnace
37:44 Chain Barding Armor
38:31 Chain Barding Armor
38:17 Husbandry
38:34 Light Cavalry
43:33 Long Swordsman
46:14 Plate Barding Armor
46:10 Plate Mail Armor
47:22 Conscription
47:04 Chivalry
47:06 Fletching
49:23 Bodkin Arrow
49:13 Pikeman
49:56 Squires
50:40 Halberdier
antonio35604
9:21 Feudal Age
14:57 Castle Age
13:20 Stone Mining
14:07 Fletching
14:29 Double-Bit Axe
14:58 Town Watch
15:31 Loom
16:59 Wheelbarrow
17:52 Bodkin Arrow
18:02 Gold Mining
18:10 Horse Collar
19:03 Bow Saw
22:59 Arson
23:54 Forging
24:07 Scale Mail Armor
25:25 Heavy Plow
32:08 Imperial Age
30:20 Squires
30:57 Chain Mail Armor
32:25 Iron Casting
34:32 Blast Furnace
33:54 Conscription
33:57 Hand Cart
34:07 Fortified Wall
33:44 Treadmill Crane
34:16 Bracer
34:56 Gold Shaft Mining
36:23 Crop Rotation
37:06 Garland Wars
37:37 Plate Mail Armor
39:42 Chemistry
39:03 Ballistics
40:59 Pikeman
42:41 Elite Skirmisher
52:36 Padded Archer Armor
57:37 Atlatl
60:06 Leather Archer Armor
[MIAAU] GM Panzer IV
14:11 Feudal Age
15:07 Horse Collar
17:52 Castle Age
15:39 Double-Bit Axe
23:00 Heavy Plow
27:03 Wheelbarrow
26:15 Loom
26:46 Bow Saw
26:27 Stone Mining
26:27 Gold Mining
26:40 Gold Mining
34:05 Imperial Age
31:52 Hand Cart
31:23 Town Watch
32:18 Stone Shaft Mining
33:10 Town Patrol
33:45 Ballistics
34:07 Fletching
34:18 Padded Archer Armor
34:23 Husbandry
34:34 Bloodlines
35:50 Chemistry
34:49 Bodkin Arrow
36:55 Heavy Mounted Crossbowman
36:55 Cranequins
37:37 Bracer
37:52 Leather Archer Armor
40:52 Ring Archer Armor
40:25 Scale Mail Armor
40:35 Forging
39:47 Pikeman
40:28 Squires
40:49 Halberdier
42:19 Fortified Wall
41:51 Treadmill Crane
42:21 Masonry
42:07 Murder Holes
42:30 Chain Mail Armor
42:50 Iron Casting
44:09 Conscription
45:45 Blast Furnace
46:18 Siege Engineers
46:44 Architecture
49:00 Plate Mail Armor
49:04 Elite Jarl
49:59 Scale Barding Armor
52:33 Elite Varangian Guard
52:58 Arson
53:04 Gambesons
54:06 Caravan
haspirits
12:24 Feudal Age
13:40 Wheelbarrow
12:54 Double-Bit Axe
12:51 Horse Collar
13:43 Loom
17:43 Castle Age
15:55 Gold Mining
18:45 Bow Saw
18:36 Heavy Plow
18:49 Stone Mining
22:44 Fletching
25:30 Padded Archer Armor
25:33 Town Watch
26:40 Hand Cart
27:14 Town Patrol
31:51 Imperial Age
28:47 Elite Skirmisher
29:02 Crossbowman
30:27 Thumb Ring
30:21 Bodkin Arrow
30:42 Leather Archer Armor
30:26 Pikeman
31:39 Ballistics
32:38 Gold Shaft Mining
32:22 Arbalester
33:12 Bolt Magazine
34:18 Conscription
35:45 Capped Ram
35:54 Halberdier
38:00 Two-Man Saw
37:31 Siege Ram
38:28 Siege Engineers
38:46 Gambesons
39:02 Squires
40:03 Bracer
40:13 Forging
40:34 Ring Archer Armor
40:07 Coiled Serpent Array
45:18 Scale Mail Armor
45:23 Scale Barding Armor
47:32 Onager
JU ju Ju
10:53 Feudal Age
15:46 Castle Age
15:13 Double-Bit Axe
15:11 Horse Collar
15:50 Loom
22:56 Gold Mining
27:48 Imperial Age
25:23 Pikeman
26:29 Forging
26:42 Scale Mail Armor
26:51 Squires
28:20 Wheelbarrow
28:10 Bow Saw
30:01 Conscription
30:24 Heavy Plow
31:40 Hand Cart
32:02 Chain Mail Armor
33:06 Iron Casting
36:15 Town Watch
37:29 Fletching
37:40 Padded Archer Armor
39:26 Bodkin Arrow
39:47 Leather Archer Armor
39:18 Elite Skirmisher
42:35 Ballistics
45:35 Crop Rotation
48:18 Ring Archer Armor
48:19 Plate Mail Armor
49:27 Chemistry
53:34 Stone Mining
54:19 Gold Shaft Mining
DHoneyBadger
11:25 Feudal Age
12:16 Loom
16:13 Castle Age
15:18 Double-Bit Axe
24:06 Horse Collar
26:40 Gold Mining
28:41 Husbandry
29:19 Bow Saw
29:57 Heavy Plow
30:15 Bloodlines
30:28 Scale Barding Armor
30:41 Stone Mining
31:56 Chain Barding Armor
36:15 Imperial Age
34:20 Fletching
34:43 Forging
36:32 Elite Skirmisher
37:53 Thumb Ring
38:43 Stone Shaft Mining
38:01 Cavalier
39:24 Fletching
40:10 Plate Barding Armor
41:09 Paladin
42:17 Paladin
43:27 Conscription
43:46 Iron Casting
43:07 Bodkin Arrow
45:44 Bracer
46:47 Blast Furnace
51:24 Chemistry
50:45 Ballistics
54:35 Light Cavalry
57:56 Pikeman
58:36 Squires
59:30 Halberdier
60:40 Bracer
60:41 Scale Mail Armor
Irri
5:28 Loom
5:35 Loom
9:58 Feudal Age
16:54 Castle Age
14:57 Horse Collar
16:02 Double-Bit Axe
16:15 Man-at-Arms
20:40 Gold Mining
21:58 Stone Mining
24:05 Fletching
24:57 Wheelbarrow
27:40 Gold Shaft Mining
28:32 Hand Cart
33:40 Imperial Age
31:47 Forging
32:03 Scale Mail Armor
32:13 Thumb Ring
32:55 Caravan
34:14 Iron Casting
34:33 Bow Saw
34:57 Conscription
34:00 Elite Samurai
35:15 Parthian Tactics
35:07 Bodkin Arrow
36:14 Kataparuto
37:01 Blast Furnace
37:01 Chain Mail Armor
36:20 Heavy Cavalry Archer
37:41 Bracer
38:40 Padded Archer Armor
41:03 Leather Archer Armor
43:14 Two-Man Saw
42:17 Heavy Plow
43:47 Plate Mail Armor
43:23 Scale Barding Armor
43:50 Ring Archer Armor
43:44 Ballistics
45:01 Elite Skirmisher
46:41 Chain Barding Armor
47:42 Chemistry
47:25 Onager
Franz
2:37 Loom
11:17 Feudal Age
15:00 Castle Age
13:11 Horse Collar
13:24 Double-Bit Axe
14:23 Stone Mining
27:03 Wheelbarrow
31:45 Imperial Age
29:41 Scale Barding Armor
30:08 Gold Mining
30:33 Bow Saw
31:01 Forging
32:38 Chain Barding Armor
32:55 Iron Casting
32:23 Husbandry
32:34 Bloodlines
32:53 Conscription
34:04 Plate Barding Armor
33:53 Town Watch
35:24 Chemistry
35:58 Hand Cart
35:49 Heavy Plow
36:05 Fortified Wall
36:06 Masonry
36:48 Fletching
36:58 Murder Holes
37:31 Elite Leitis
49:52 Tower Shields
51:09 Guilds
51:40 Elite Skirmisher
53:12 Bodkin Arrow
53:18 Padded Archer Armor
57:38 Thumb Ring
57:55 Leather Archer Armor
Connection lost

Rejoining the realm…

Still unreachable

The connection could not be restored.

Session expired

The server has moved on; the page needs a fresh start.